 Dungeon Crawl Stone Soup version 0.29-a0-82-g837932c90e (webtiles) character file.

Game seed: 1194223818985746136

154 dmks the Magician (level 5, -4/35 HPs)
             Began as a Djinni Fire Elementalist on Feb 5, 2022.
             Slain by a gnoll (17 damage)
             ... on level 3 of the Dungeon.
             The game lasted 00:06:33 (3413 turns).

dmks the Magician (Djinni Fire Elementalist)        Turns: 3413, Time: 00:06:34

Health: -4/35      AC:  2    Str:  7    XL:     5   Next: 63%
Gold:   679        EV: 13    Int: 18    God:
                   SH:  0    Dex: 14

rFire   + + .      SeeInvis .   (no weapon)
rCold   x . .      Faith    .   (no shield)
rNeg    . . .      Spirit   .   a - +0 robe
rPois   ∞          Reflect  .   (no helmet)
rElec   .          Harm     .   (no cloak)
rCorr   .          Rampage  .   (no gloves)
Will    .....                   (boots unavailable)
Stlth   ++........              (no amulet)
HPRegen 0.11/turn               (no ring)
MPRegen 0.00/turn               (no ring)

@: about to teleport, flying
A: sickness immunity, fire resistance 2, cold vulnerability 1, float, innate
caster, HP casting, extra vitality 1
a: no special abilities


You were on level 3 of the Dungeon.
You visited 1 branch of the dungeon, and saw 3 of its levels.

You collected 679 gold pieces.

Inventory:

Armour
 a - a +0 robe (worn)
 f - an orb of guile
   (You found it on level 3 of the Dungeon)
 j - a +1 helmet
   (You took it off Robin on level 2 of the Dungeon)
Magical Staves
 i - a staff of air
   (You found it on level 1 of the Dungeon)
Jewellery
 b - a ring of ice
   (You found it on level 1 of the Dungeon)
Scrolls
 g - a scroll of immolation {unknown}
 h - a scroll of brand weapon
Potions
 c - a potion of cancellation {unknown}
 d - a potion of curing {unknown}
 k - a potion of haste {@q3}


   Skills:
 + Level 3.4 Dodging
 + Level 2.7 Stealth
 * Level 3.6 Spellcasting


You couldn't memorise any spells.
You knew the following spells:

 Your Spells              Type           Power      Damage    Failure   Level
a - Foxfire               Conj/Fire      64%        2x1d7     3%          1
b - Scorch                Fire           32%        2d7       5%          2
c - Inner Flame           Hex/Fire       16%        N/A       11%         3
d - Conjure Flame         Conj/Fire      16%        6-21      11%         3
e - Flame Wave            Conj/Fire      16%        2d6       34%         4
f - Apportation           Tloc           32%        N/A       3%          1
x - Ensorcelled Hibernat  Hex/Ice        32%        N/A       5%          2
Your spell library was empty.

Dungeon Overview and Level Annotations

Branches:
Dungeon (3/15)

Altars:

Annotations:
D:3 2 transporters, kibaces's ghost, amateur PaAr


Innate Abilities, Weirdness & Mutations

You are immune to sickness and miasma.
You are immune to poison.
Your flesh is very heat resistant. (rF++)
You are vulnerable to cold. (rC-)
You float through the air rather than walking.
You learn spells naturally, not from books.
Your magical power is your life essence.
You have superior vitality. (+4 MHP)


Message History

You conjure some foxfire!
Natasha casts a spell.
The foxfire hits the iron imp but does no damage.
The foxfire hits Natasha.
You kill Natasha!
Natasha growls in agony!
The iron imp disappears in a puff of smoke!
You see here the felid corpse of Natasha.
There is an open door here.
Found a stone staircase leading down.
You start resting.
You hear the slow rusting of a very distant drain.
There is a stone staircase leading down here.
You reach down and open the door.
There is an open door here.
Found 8 gold pieces.
Found a glowing orb.
Found a stone staircase leading down.
You now have 679 gold pieces (gained 8).
You see here an orb of guile.
You see here an orb of guile.
f - an orb of guile You hear the slow rusting of a very distant drain.
You reach down and open the door.
There is an open door here.
There is an open door here.
As you open the door, it creaks loudly!
There is an open door here. 3 gnolls come into view.
The gnoll shouts!
You hear a shout!
The gnoll shouts!
A gnoll comes into view. It is wielding a +0 club.
The gnoll moves out of view.
Flames lash the gnoll.
The gnoll's fire resistance burns away.
You hear a shout!
The gnoll barely misses you. The gnoll misses you.
Flames lash the gnoll.
The gnoll is burned terribly!
You kill the gnoll!
The gnoll hits you from afar with a +0 halberd.
An orc comes into view. It is wielding a +0 whip.
The gnoll hits you from afar with a +0 halberd!
* * * LOW HITPOINT WARNING * * *
The gnoll hits you from afar with a +0 halberd.
* * * LOW HITPOINT WARNING * * *
You see here a +0 flail.
Okay, then.
As you read the scroll of teleportation {@r4}, it crumbles to dust.
You feel strangely unstable.
The gnoll hits you from afar with a +0 halberd!
You die...

#.
...#..>.........
#.#####..........#
#. #..........# #.
#..........#
#.#.....#'##'###.#
#.#######.##.#
#..........#.#
############.#
#.@..........#
#.############ #g#
g.. .#.# ..#.# #.
#.# #. #.#


You could see 2 gnolls.

Vanquished Creatures
  Natasha (twice) (D:3)
  Robin (D:2)
  A gnoll (D:3)
  3 adders
  A worm (D:2)
  2 dart slugs
  An endoplasm (D:1)
  5 giant cockroaches
  10 goblins
  6 hobgoblins
  2 quokkas (D:1)
  5 ball pythons
  2 bats (D:1)
  4 frilled lizards
  4 kobolds
  3 rats (D:1)
52 creatures vanquished.

Vanquished Creatures (others)
  140 foxfires
140 creatures vanquished.

Grand Total: 192 creatures vanquished

Notes
Turn   | Place    | Note
-------+----------+-------------------------------------------
     0 | D:1      | dmks the Djinni Fire Elementalist began the quest for the
                  | Orb.
     0 | D:1      | Reached XP level 1. HP: 15/15 MP: 0/0
    75 | D:1      | Reached XP level 2. HP: 12/21 MP: 0/0
   696 | D:1      | Found a faded altar of an unknown god.
   986 | D:1      | Reached XP level 3. HP: 22/25 MP: 0/0
   986 | D:1      | Learned a level 1 spell: Apportation
  2038 | D:2      | Reached XP level 4. HP: 19/31 MP: 0/0
  2336 | D:2      | Noticed Robin
  2346 | D:2      | Killed Robin
  3149 | D:2      | Identified a scroll of acquirement
  3149 | D:2      | Acquired 589 gold pieces
  3202 | D:3      | Found a transporter.
  3206 | D:3      | Found a transporter.
  3206 | D:3      | Noticed kibaces's ghost (amateur PaAr)
  3260 | D:3      | Noticed Natasha
  3270 | D:3      | Killed Natasha
  3271 | D:3      | Reached XP level 5. HP: 33/35 MP: 0/0
  3271 | D:3      | Learned a level 2 spell: Ensorcelled Hibernation
  3273 | D:3      | Noticed Natasha
  3284 | D:3      | Killed Natasha
  3413 | D:3      | Slain by a gnoll

Illustrated notes

Levels and vault maps discovered:
D:1:      lemuel_arrival_hallway, layout_loops_ring,
          ebering_ecumenical_altar_hall, minmay_tripent
D:2:      layout_loops_corners, uniq_robin
D:3:      layout_basic, portal_sewer_entry_e, gammafunk_ghost_arena,
          uniq_natasha

Skill      XL: |  1  2  3  4 |
---------------+-------------+-----
Stealth        | 2 |  2.7
Spellcasting   | 3 |  3.6
Dodging        | 3 |  3.4

Action                   |  1- 3 |  4- 6 || total
-------------------------+-------+-------++-------
 Cast: Foxfire           |    60 |    25 ||    85
       Scorch            |     3 |    10 ||    13
  Use: Scroll            |       |     6 ||     6
Armor: Robe              |     3 |     3 ||     6
Dodge: Dodged            |    12 |     8 ||    20

Table legend: (Time is in decaauts)
 A = Elapsed time spent in this place.
 B = Non-inter-level travel time spent in this place.
 C = Inter-level travel time spent in this place.
 D = Time resting spent in this place.
 E = Time spent auto-exploring this place.
 F = Levels seen in this place.
 G = Mean time per level.
                   A        B        C        D        E       F      G
               +--------+--------+--------+--------+--------+-----+--------+
         Total |   3413 |   3363 |     50 |   1153 |   1670 |   3 | 1137.7 |
       Dungeon |   3413 |   3363 |     50 |   1153 |   1670 |   3 | 1137.7 |
               +--------+--------+--------+--------+--------+-----+--------+

Top non-repeatable levels by time:
     D:1: 1697 daAuts
     D:2: 1464 daAuts
     D:3: 251 daAuts
